 Dungeon Crawl Stone Soup version 0.21.1-1-g345015f (webtiles) character file.

1559 Kairos the Cudgeler (level 8, -2/42 HPs)
             Began as a Vine Stalker Fighter on Apr 23, 2018.
             Was a Believer of Okawaru.
             Slain by a two-headed ogre
             ... wielding a +0 giant club
              (10 damage)
             ... on level 6 of the Dungeon.
             The game lasted 00:08:26 (4630 turns).

Kairos the Cudgeler (Vine Stalker Fighter)          Turns: 4630, Time: 00:08:26

Health: -2/42      AC: 18    Str: 19    XL:     8   Next: 89%
Magic:  0/9        EV:  9    Int:  9    God:    Okawaru [**....]
Gold:   322        SH: 10    Dex: 15    Spells: 7/7 levels left

rFire    . . .     SeeInvis .   h - +0 mace (protect)
rCold    . . .     Gourm    .   c - +0 shield
rNeg     . . .     Faith    .   b - +0 scale mail
rPois    +         Spirit   +   z - +0 helmet
rElec    .         Reflect  .   F - +1 cloak
rCorr    .         Harm     +   (no gloves)
MR       +....                  p - +0 pair of boots
Stlth    ..........             k - amulet of harm
HPRegen  0.54/turn              s - ring of poison resistance
MPRegen  0.11/turn              (no ring)

@: protection aura
A: fangs 3, regeneration 1, magic shield, antimagic bite, no potion heal 3, rot
immunity
a: Heroism, Renounce Religion


You were on level 6 of the Dungeon.
You worshipped Okawaru.
Okawaru was pleased with you.
You were not hungry.

You visited 2 branches of the dungeon, and saw 7 of its levels.

You collected 322 gold pieces.

Inventory:

Hand Weapons
 a - a +0 war axe
 h - a +0 mace of protection (weapon)
Missiles
 r - 2 throwing nets (quivered)
Armour
 b - a +0 scale mail (worn)
 c - a +0 shield (worn)
 n - a +0 cloak
 p - a +0 pair of boots (worn)
 z - a +0 helmet (worn)
 F - a +1 cloak (worn)
Jewellery
 k - an amulet of harm (around neck)
 s - a ring of poison resistance (left hand)
 B - a cursed ring of teleportation {unknown}
Wands
 y - a wand of acid (4)
 C - a wand of polymorph (13)
 H - a wand of random effects (26)
Scrolls
 e - 3 scrolls of remove curse
 l - a scroll of fear {unknown}
 m - a scroll of teleportation {unknown}
 o - 2 scrolls of identify
 q - a scroll of noise {unknown}
 t - 2 scrolls of enchant weapon {unknown}
 u - 2 scrolls of amnesia {unknown}
 D - a scroll of torment {unknown}
Potions
 d - 3 potions of might
 g - a potion of invisibility {unknown}
 i - a potion of resistance {unknown}
 j - a potion of agility {unknown}
 v - a potion of mutation {unknown}
 w - a potion of lignification {unknown}
 x - a potion of curing {unknown}
 A - a potion of brilliance {unknown}
 E - a potion of heal wounds {unknown}
 G - 2 potions of flight {unknown}
Comestibles
 f - 6 rations


   Skills:
 + Level 4.0 Fighting
 + Level 2.0(4.4) Axes
 + Level 6.1(6.3) Maces & Flails
 + Level 4.4 Armour
 + Level 2.5 Dodging
 + Level 1.1 Stealth
 + Level 5.0 Shields
 + Level 0.7 Invocations


You had 7 spell levels left.
You didn't know any spells.

Dungeon Overview and Level Annotations

Branches:
Dungeon (6/15)             Temple (1/1) D:5

Altars:
Fedhas
Nemelex Xobeh
Okawaru
Trog
Wu Jian
Yredelemnul
The Shining One


Innate Abilities, Weirdness & Mutations

You have razor-sharp teeth.
Your natural rate of healing is unusually fast.
When hurt, damage is shared between your health and your magic reserves.
Your bite disrupts and absorbs the magic of your enemies.
Potions cannot restore your health.
You are immune to rotting.


Message History

You see here a quokka corpse.
You now have 297 gold pieces (gained 14).
You now have 306 gold pieces (gained 9).
There is a stone staircase leading down here.
You now have 322 gold pieces (gained 16).
There is a stone staircase leading up here.
The two-headed ogre shouts in stereo!
You hear an angry hiss.
A two-headed ogre is nearby!
Found a metal-bound book.
You hit the two-headed ogre.
Your weapon exudes an aura of protection.
You bite the two-headed ogre. You drain its power.
The two-headed ogre is lightly wounded.
The two-headed ogre hits you but does no damage.
The two-headed ogre hits you with a giant club!!
You fail to use your ability.
The two-headed ogre hits you with a giant club!!
* * * LOW HITPOINT WARNING * * *
The two-headed ogre hits you with a giant club!
You die...

#. #:..#. #. ...... #. ...
... #. #$# #.# #.####?# #.#
##########.#....###.#
..................?.######
...>..####......@O......l#
#####.# ##.#.#####..###.#
#.# #.#.# #.5# #.#
#.#####<#.#####..# #l#
#................# #.#
###..............# #l#
#...........<.....## #.# #
#.###.###.#.####.#####5##.#
#.# #.#.# #..........#


You could see a two-headed ogre.

Vanquished Creatures
  The ghost of Lovchig the Chopper, a novice DDFi (D:5)
  Eustachio (D:5)
  A water moccasin (D:5)
  2 phantoms (D:5)
  A necrophage (D:5)
  A centaur (D:5)
  A scorpion (D:5)
  An orc priest (D:3)
  A hound (D:5)
  A jelly (D:6)
  A bullfrog skeleton (D:6)
  Ijyb (D:4)
  2 orc wizards
  2 worker ants
  A hound zombie (D:6)
  A hound skeleton (D:5)
  10 adders
  A shadow imp (D:5)
  2 oozes
  An adder zombie (D:6)
  An adder skeleton (D:5)
  2 worms (D:2)
  3 dart slugs
  3 leopard geckos
  13 orcs
  2 giant cockroaches (D:3)
  7 hobgoblins
  8 kobolds
  2 quokkas
  3 ball pythons
  7 bats
  4 frilled lizards
  6 goblins
  A quokka skeleton (D:5)
  7 rats
102 creatures vanquished.

Notes
Turn   | Place    | Note
-------+----------+-------------------------------------------
     0 | D:1      | Kairos the Vine Stalker Fighter began the quest for the Orb.
     0 | D:1      | Reached XP level 1. HP: 11/11 MP: 2/2
   228 | D:1      | Reached XP level 2. HP: 16/16 MP: 3/3
   779 | D:2      | Reached XP level 3. HP: 19/20 MP: 4/4
   847 | D:2      | Gained mutation: Your natural rate of healing is unusually fast. [Vine Stalker growth]
   847 | D:2      | Reached XP level 4. HP: 11/24 MP: 3/5
   936 | D:2      | Reached skill level 1 in Maces & Flails
  1485 | D:3      | Reached skill level 2 in Maces & Flails
  1729 | D:3      | Reached XP level 5. HP: 28/28 MP: 6/6
  2217 | D:4      | Noticed Ijyb
  2224 | D:4      | Killed Ijyb
  2224 | D:4      | Reached skill level 1 in Dodging
  2697 | D:4      | Reached XP level 6. HP: 27/32 MP: 7/7
  3157 | D:5      | Entered Level 5 of the Dungeon
  3159 | D:5      | Found a staircase to the Ecumenical Temple.
  3163 | D:5      | Reached skill level 3 in Maces & Flails
  3168 | D:5      | Noticed a phantom
  3173 | Temple   | Entered the Ecumenical Temple
  3193 | Temple   | Became a worshipper of Warmaster Okawaru
  3244 | D:5      | Killed a phantom
  3321 | D:5      | Noticed a necrophage
  3332 | D:5      | Killed a necrophage
  3332 | D:5      | Reached * piety under Okawaru
  3332 | D:5      | Reached skill level 4 in Maces & Flails
  3332 | D:5      | Reached XP level 7. HP: 36/36 MP: 6/8
  3448 | D:5      | Noticed Lovchig's ghost (novice DDFi)
  3450 | D:5      | Noticed Eustachio
  3728 | D:5      | Reached skill level 5 in Maces & Flails
  3728 | D:5      | Gained mutation: You have razor-sharp teeth. [Vine Stalker growth]
  3728 | D:5      | Reached XP level 8. HP: 41/41 MP: 9/9
  3809 | D:5      | Killed Eustachio
  4024 | D:5      | Killed Lovchig's ghost
  4024 | D:5      | Reached ** piety under Okawaru
  4024 | D:5      | Reached skill level 6 in Maces & Flails
  4024 | D:5      | Reached skill level 1 in Stealth
  4024 | D:5      | Reached skill level 5 in Shields
  4471 | D:6      | Noticed a two-headed ogre
  4630 | D:6      | Slain by a two-headed ogre

Skill      XL: |  1  2  3  4  5  6  7  8 |
---------------+-------------------------+-----
Fighting       | 3 4 |  4.0
Axes           | 2 |  2.0
Shields        | 3 4 5 |  5.0
Maces & Flails | 2 4 5 6 |  6.1
Armour         | 3 4 |  4.4
Dodging        | 1 2 |  2.5
Stealth        | 1 |  1.1
Invocations    | |  0.7

Action                   |  1- 3 |  4- 6 |  7- 9 || total
-------------------------+-------+-------+-------++-------
Melee: War axe           |    13 |       |       ||    13
       Bite              |    15 |    43 |    52 ||   110
       Mace              |    57 |   205 |   169 ||   431
Invok: Heroism           |       |       |     5 ||     5
  Use: Scroll            |       |     2 |       ||     2
  Eat: Chunk             |       |     5 |       ||     5
       Ration            |       |     1 |     2 ||     3
Armor: Scale mail        |    35 |   100 |   106 ||   241
Dodge: Dodged            |    20 |    71 |    65 ||   156
Block: Shield            |    34 |   108 |    84 ||   226
